 Dungeon Crawl Stone Soup version 0.22-a0-246-gdc04c06 (webtiles) character file.

63 wolfsongas the Fighter (level 4, -8/45 HPs)
             Began as a Gnoll Wanderer on Feb 22, 2018.
             Mangled by Sigmund
             ... wielding a +0 scythe
              (9 damage)
             ... on level 2 of the Dungeon.
             The game lasted 00:02:04 (910 turns).

wolfsongas the Fighter (Gnoll Wanderer)              Turns: 910, Time: 00:02:05

Health: -8/45      AC:  9    Str: 16 (17) XL:     4   Next: 9%
Magic:  6/6        EV: 10    Int: 15      God:
Gold:   70         SH:  0    Dex: 11 (12) Spells: 5/5 levels left

rFire    . . .     SeeInvis .   (no weapon)
rCold    . . .     Gourm    .   (no shield)
rNeg     . . .     Faith    .   a - +2 scale mail
rPois    .         Spirit   .   (no helmet)
rElec    .         Reflect  .   (no cloak)
rCorr    .         Harm     .   (no gloves)
MR       .....     Rnd*Rage +   (no boots)
Stlth    ..........             (no amulet)
HPRegen  0.15/turn              c - +1 ring of protection
MPRegen  0.10/turn              (no ring)

@: very slightly contaminated, hasted, drained, invisible, very quick
A: distributed training, fangs 1, berserk 1, wild magic 1, strong nose
a: no special abilities


You were on level 2 of the Dungeon.
You were not hungry.

You visited 1 branch of the dungeon, and saw 2 of its levels.

You collected 70 gold pieces.

Inventory:

Hand Weapons
 b - a +0 shortbow
Armour
 a - a +2 scale mail (worn)
Jewellery
 c - a +1 ring of protection (left hand)
Scrolls
 g - a scroll of teleportation
Potions
 d - a potion of lignification
Comestibles
 f - a ration
 i - 4 chunks of flesh


   Skills:
 + Level 8.5(8.2) Fighting
 + Level 1.0(0.7) Short Blades
 + Level 1.0(0.7) Long Blades
 + Level 1.0(0.7) Axes
 + Level 1.0(0.7) Maces & Flails
 + Level 1.0(0.7) Polearms
 + Level 1.0(0.7) Staves
 + Level 1.0(0.7) Slings
 + Level 4.6(4.3) Bows
 + Level 1.0(0.7) Crossbows
 + Level 1.0(0.7) Throwing
 + Level 2.7(2.4) Armour
 + Level 2.7(2.4) Dodging
 + Level 1.0(0.7) Stealth
 + Level 2.7(2.4) Shields
 + Level 1.0(0.7) Unarmed Combat
 + Level 1.0(0.7) Spellcasting
 + Level 0.7(0.5) Conjurations
 + Level 0.7(0.5) Hexes
 + Level 0.7(0.5) Charms
 + Level 0.7(0.5) Summonings
 + Level 0.7(0.5) Necromancy
 + Level 0.7(0.5) Translocations
 + Level 0.7(0.5) Transmutations
 + Level 0.7(0.5) Fire Magic
 + Level 0.7(0.5) Ice Magic
 + Level 0.7(0.5) Air Magic
 + Level 0.7(0.5) Earth Magic
 + Level 0.7(0.5) Poison Magic
 + Level 1.1(0.8) Invocations
 + Level 2.7(2.4) Evocations


You had 5 spell levels left.
You didn't know any spells.

Dungeon Overview and Level Annotations

Branches:
Dungeon (2/15)

Altars:

Annotations:
D:2 Sigmund


Innate Abilities, Weirdness & Mutations

Your experience applies equally to all skills.
You have very sharp teeth.
Your uncanny sense of smell can sniff out nearby items.
You tend to lose your temper in combat.
Your spells are a little harder to cast, but a little more powerful.


Message History

You are now empty-handed.
You are too injured to fight recklessly!
You hit something. Something hits you but does no damage.
You hit something but do no damage. You hit something.
You hear some strange, mumbled words.
A magic dart appears from out of thin air!
The magic dart hits you!
You hit something but do no damage. Something hits you.
* * * LOW HITPOINT WARNING * * *
You barely miss something.
Your scale mail prevents you from hitting something.
You closely miss something. You bite something.
Something hits you but does no damage.
You hit something but do no damage. You hit something. Something hits you.
* * * LOW HITPOINT WARNING * * *
You miss something. Your bite misses something. You closely miss something.
Something hits you!
You die...

# # ######.## #.#+#.
..<..#... ...$..
.........
#....##....#.##
##..............
..............###
#.#+#.....###.# #
#(.(..........
#...###.@{...#....#.
..........((......+
#.#........#.##...#.#
#..........+.........
.#..........#..#####.#
.........#####........#
......... ##).......#
.....##### #.........#
#.......####.........#


There were no monsters in sight!

Vanquished Creatures
  Terence (D:2)
  An adder (D:2)
  An ooze (D:2)
  2 dart slugs (D:1)
  A ball python (D:2)
  5 goblins (D:1)
  2 hobgoblins (D:1)
  3 kobolds (D:1)
  3 bats (D:1)
  A frilled lizard (D:1)
  4 rats (D:1)
24 creatures vanquished.

Notes
Turn   | Place    | Note
-------+----------+-------------------------------------------
     0 | D:1      | wolfsongas the Gnoll Wanderer began the quest for the Orb.
     0 | D:1      | wolfsongas set off with: a +2 scale mail, a +0 shortbow, 26 arrows, a potion of lignification, a ration
     0 | D:1      | Reached XP level 1. HP: 26/26 MP: 2/2
   181 | D:1      | Reached XP level 2. HP: 32/33 MP: 3/3
   443 | D:1      | Reached XP level 3. HP: 38/38 MP: 4/4
   703 | D:1      | Gained mutation: You tend to lose your temper in combat. [potion of mutation]
   703 | D:1      | Gained mutation: Your spells are a little harder to cast, but a little more powerful. [potion of mutation]
   829 | D:2      | Noticed Terence
   837 | D:2      | Killed Terence
   837 | D:2      | Reached skill level 1 in Invocations
   868 | D:2      | Noticed Sigmund
   876 | D:2      | Reached skill level 1 in Short Blades
   876 | D:2      | Reached skill level 1 in Long Blades
   876 | D:2      | Reached skill level 1 in Axes
   876 | D:2      | Reached skill level 1 in Maces & Flails
   876 | D:2      | Reached skill level 1 in Polearms
   876 | D:2      | Reached skill level 1 in Staves
   876 | D:2      | Reached skill level 1 in Slings
   876 | D:2      | Reached skill level 1 in Crossbows
   876 | D:2      | Reached skill level 1 in Throwing
   876 | D:2      | Reached skill level 1 in Stealth
   876 | D:2      | Reached skill level 1 in Unarmed Combat
   876 | D:2      | Reached skill level 1 in Spellcasting
   876 | D:2      | Reached XP level 4. HP: 29/45 MP: 4/6
   903 | D:2      | HP: 1/45 [something (4)]
   908 | D:2      | HP: 1/45 [something (1)]
   910 | D:2      | Mangled by Sigmund

Vault maps used:
D:1:      dpeg_arrival_yet_another_circle, minmay_strange_pillars
D:2:      uniq_terence, uniq_sigmund

Skill      XL: |  1  2  3 |
---------------+----------+-----
Invocations    | 1 |  1.1
Short Blades   | 1 |  1.0
Long Blades    | 1 |  1.0
Axes           | 1 |  1.0
Maces & Flails | 1 |  1.0
Polearms       | 1 |  1.0
Staves         | 1 |  1.0
Slings         | 1 |  1.0
Crossbows      | 1 |  1.0
Throwing       | 1 |  1.0
Stealth        | 1 |  1.0
Unarmed Combat | 1 |  1.0
Spellcasting   | 1 |  1.0
Fighting       | |  8.5
Bows           | |  4.6
Armour         | |  2.7
Dodging        | |  2.7
Shields        | |  2.7
Conjurations   | |  0.7
Hexes          | |  0.7
Charms         | |  0.7
Summonings     | |  0.7
Necromancy     | |  0.7
Translocations | |  0.7
Transmutations | |  0.7
Fire Magic     | |  0.7
Ice Magic      | |  0.7
Air Magic      | |  0.7
Earth Magic    | |  0.7
Poison Magic   | |  0.7
Evocations     | |  2.7

Action                   |  1- 3 |  4- 6 || total
-------------------------+-------+-------++-------
Melee: Unarmed           |       |    11 ||    11
       Bite              |       |     1 ||     1
 Fire: Shortbow          |    83 |     6 ||    89
  Use: Scroll            |     5 |       ||     5
       Potion            |     3 |     3 ||     6
Armor: Scale mail        |    18 |     2 ||    20
Dodge: Dodged            |    21 |     3 ||    24

Table legend:
 A = Spawn XP
 B = Non-spawn XP
 C = Spawn XP percentage of total XP
 D = Spawn monster count
 E = Non-spawn monster count
 F = Spawn count percentage of total count
 G = Total turns spent on level
                    A         B        C        D         E        F      G
               +---------+---------+-------+---------+---------+-------+---------
         Total |       0 |      90 |   0.0 |       0 |      24 |   0.0 |   910
               +---------+---------+-------+---------+---------+-------+---------
           D:1 |       0 |      36 |   0.0 |       0 |      20 |   0.0 |   747
           D:2 |       0 |      54 |   0.0 |       0 |       4 |   0.0 |   163
               +---------+---------+-------+---------+---------+-------+---------
